Cogmind - Beta 11 X11 @@@ ROGUE MODE // 2022.03.07 @ 01:05:58 Player: cptwinky Result: Destroyed by as-53486 with Assembled Blade Performance ------------- Evolutions (0) 0 Regions Visited (2) 400 Robots Destroyed (26) 130 Value Destroyed (670) 670 Prototype IDs (2) 40 Alien Tech Used (0) 0 Bonus (0) 0 TOTAL SCORE: 1240 Bonus ------- None Cogmind --------- Core Integrity 0/250 Matter 300/300 Energy 240/240 System Corruption 0% Temperature Cool (24) Movement Walking (190) Ox1 Location -10/Mines Parts ------- > --- POWER (1) -------- Nuclear Core > --- PROPULSION (2) --- Aluminum Leg Aluminum Leg > --- UTILITY (2) ------ Improved Heat Sink Large Storage Unit > --- WEAPON (2) ------- Beam Cannon Ion Cannon > --- INVENTORY (15) --- Carbon-fiber Leg Flexi-carbon Leg High-capacity Storage Unit Targeting Computer Light Armor Plating Reflective Plating Hacking Suite Bore Cannon Grenade Launcher Grenade Launcher Rocket Launcher Datajack Flail Peak State ------------ > --- POWER ------------ Nuclear Core > --- PROPULSION ------- Aluminum Leg Aluminum Leg > --- UTILITY ---------- Improved Heat Sink Large Storage Unit > --- WEAPON ----------- Ion Cannon > --- INVENTORY -------- Light Treads Carbon-fiber Leg Flexi-carbon Leg High-capacity Storage Unit Targeting Computer Light Armor Plating Reflective Plating Hacking Suite Bore Cannon Grenade Launcher Grenade Launcher Rocket Launcher Datajack Flail [Rating: 15] Favorites ----------- Power Ion Engine Engine Ion Engine Power Core Nuclear Core Propulsion Light Treads Treads Light Treads Leg Aluminum Leg Utility Improved Heat Sink Device Improved Heat Sink Storage Large Storage Unit Weapon Beam Cannon Energy Cannon Beam Cannon Ballistic Gun Light Assault Rifle Build | -11 -10 -10 ------- Run | Scr Mat Min Slots Evolved . | . . . Power . | . . . Propulsion . | . . . Utility . | . . . Weapon . | . . . Parts Attached 16 | 2 6 8 Power 2 | . 1 1 Engine 1 | . 1 . Core 1 | . . 1 Reactor . | . . . Propulsion 6 | 2 1 3 Treads 4 | 2 1 1 Leg 2 | . . 2 Wheel . | . . . Hover . | . . . Flight . | . . . Utility 2 | . 2 . Device 1 | . 1 . Storage 1 | . 1 . Processor . | . . . Hackware . | . . . Protection . | . . . Artifact . | . . . Weapon 6 | . 2 4 Energy Gun . | . . . Energy Cannon 6 | . 2 4 Ballistic Gun . | . . . Ballistic Cannon . | . . . Launcher . | . . . Special Weapon . | . . . Impact Weapon . | . . . Slashing Weapon . | . . . Piercing Weapon . | . . . Special Melee Weapon . | . . . Unidentified Prototypes . | . . . Parts Lost 5 | . 1 4 Power 2 | . 1 1 Propulsion 1 | . . 1 Utility . | . . . Weapon 2 | . . 2 Highest Loss Streak 4 | . 1 4 To Critical Strikes . | . . . Average Slot Usage (%) 97 | . 97 98 Engine 13 | . 14 12 Treads 26 | . 27 25 Device 12 | . 11 14 Storage 14 | . 14 14 Energy Cannon 24 | . 22 26 Ballistic Gun 2 | . 5 . Naked Turns . | . . . Heaviest Build 37 | 10 32 37 Greatest Support 40 | 40 40 40 Greatest Overweight (x) 1 | . . 1 Average Overweight (x) . | . . . Largest Inventory Capacity 15 | 8 15 15 Average Capacity 12 | 8 10 15 Most Carried 15 | 6 15 15 Average Carried 11 | 6 8 14 Final Capacity 15 | 8 15 15 Final Carried 15 | 6 15 13 Class Distribution -------------------- 100% | Mutant Dominant Class ---------------- Mutant | -10/Materials Mutant | -10/Mines Resources | -11 -10 -10 ----------- Run | Scr Mat Min Matter Collected 389 | 220 99 70 Remotely . | . . . Salvage Created 907 | . 747 160 Parts 37 | . 33 4 Haulers Intercepted 2 | . 2 . Recyclers Shooed 1 | . 1 . Parts Field Recycled . | . . . Retrieved Matter . | . . . Parts Self-Destructed . | . . . Prevented . | . . . Kills | -11 -10 -10 ------- Run | Scr Mat Min Combat Hostiles Destroyed 26 | . 16 10 Guns 8 | . 8 . Cannons 18 | . 8 10 Classes Destroyed 9 | . 7 2 Worker 1 | . 1 . Hauler 2 | . 2 . Recycler 1 | . 1 . Operator 1 | . 1 . Watcher 1 | . 1 . Swarmer 6 | . 6 . Grunt 12 | . 10 2 Demolisher 2 | . . 2 Assembled 6 | . . 6 Best Kill Streak 3 | . 3 2 Combat Bots Only 3 | . 3 2 Max Kills in Single Turn 1 | . 1 1 Gunslinging . | . . . Exploded . | . . . Melee . | . . . Uniques/NPCs Destroyed . | . . . Combat | -11 -10 -10 -------- Run | Scr Mat Min Damage Taken 1170 | . 312 858 Core 264 | . 60 204 Absorbed by Shields . | . . . Regen/Repaired (Parts) 103 | . 103 . Core Remaining (%) 100 | 100 . . Volleys Fired 74 | . 50 24 Largest 2 | . 2 2 Hottest 120 | . 120 120 Shots Fired 145 | . 100 45 Gun 48 | . 48 . Cannon 97 | . 52 45 Launcher . | . . . Special . | . . . Kinetic 48 | . 48 . Thermal 97 | . 52 45 Explosive . | . . . Electromagnetic . | . . . Robot Hit Streak 10 | . 10 5 Robot Miss Streak 5 | . 5 2 Penetration Max . | . . . Secondary Targets 2 | . 2 . Max Gunslinging Chain 1 | . 1 . Shots Hit Robots 88 | . 63 25 Core Hits 48 | . 33 15 Critical Kills . | . . . Critical Parts Destroyed . | . . . Critical Strikes . | . . . Melee Attacks . | . . . Impact . | . . . Slashing . | . . . Piercing . | . . . Sneak Attacks . | . . . Combat Hostiles . | . . . Follow-up Attacks . | . . . Damage Inflicted 1356 | . 834 522 Guns 293 | . 293 . Cannons 997 | . 530 467 Explosions 39 | . . 39 Melee . | . . . Ramming 27 | . 11 16 Kinetic 293 | . 293 . Thermal 1036 | . 530 506 Explosive . | . . . Electromagnetic . | . . . Impact . | . . . Slashing . | . . . Piercing . | . . . Highest Corruption . | . . . Average Corruption . | . . . Corruption Purged . | . . . Corruption Blocked . | . . . Overload Shots . | . . . Overflow Damage 39 | . 23 16 Projectiles 39 | . 23 16 Explosions . | . . . Melee . | . . . Knockbacks . | . . . Impact . | . . . Kinetic . | . . . Secondary . | . . . Self-Inflicted Damage . | . . . Shots . | . . . Rammed 8 | . 5 3 Targets Rammed 9 | . 6 3 Kicked . | . . . Crushed 1 | . 1 . Highest Temperature 90 | . 90 90 Average Temperature 27 | . 28 27 Received Heat Transfer 141 | . 141 . Siege Activations . | . . . Robots Corrupted . | . . . Combat Hostiles . | . . . Parts Fried . | . . . Impact Corruptions . | . . . Robots Melted . | . . . Combat Hostiles . | . . . Parts Melted 4 | . 3 1 Heat Transferred 2085 | . 1073 1012 Parts Sabotaged . | . . . Parts Stolen . | . . . Parts Stripped . | . . . Power Chain Reactions . | . . . Missiles Intercepted . | . . . Alert | -11 -10 -10 ------- Run | Scr Mat Min Peak Influence 368 | . 368 173 Initial 123 | . . 123 Average 169 | . 258 63 Maximum Alert Level 1 | . 1 . Low Security (%) 56 | 100 19 100 Level 1 43 | . 80 . Level 2 . | . . . Level 3 . | . . . Level 4 . | . . . Level 5 . | . . . High Security . | . . . Max Security . | . . . Squads Dispatched 5 | . 4 1 Investigation 5 | . 4 1 Extermination . | . . . Reinforcement . | . . . Assault . | . . . Garrison . | . . . Intercept . | . . . Searches Triggered . | . . . Construction Impeded . | . . . Haulers Reinforced . | . . . Active Scanning Responses . | . . . Cargo Convoy Interrupts . | . . . Stealth | -11 -10 -10 --------- Run | Scr Mat Min Distress Signals 3 | . 2 1 Communications Jammed . | . . . Distress Signals . | . . . Times Spotted 38 | . 29 9 Peak Tracking Total 4 | . 4 2 Tactical Retreats 3 | . 3 . Traps | -11 -10 -10 ------- Run | Scr Mat Min Traps Triggered 1 | . 1 . Indirectly . | . . . Trap Hack Attempts . | . . . Triggered . | . . . Disarmed 4 | . 4 . Reprogrammed . | . . . Reused . | . . . Traps Extracted . | . . . Installed . | . . . Triggered . | . . . Machines | -11 -10 -10 ---------- Run | Scr Mat Min Machines Disabled 4 | . 2 2 Max in Single Turn 1 | . 1 1 Machines Sabotaged . | . . . Garrisons Compromised . | . . . Overloaded Fab Kills . | . . . Hacking | -11 -10 -10 --------- Run | Scr Mat Min Machines Accessed 12 | . 11 1 Terminals 8 | . 8 . Fabricators . | . . . Repair Stations 1 | . 1 . Recycling Units 2 | . 2 . Scanalyzers . | . . . Garrison Access . | . . . Total Hacks 41 | . 40 1 Successful 21 | . 20 1 Failed 20 | . 20 . Catastrophic . | . . . Database Lockouts . | . . . Manual 19 | . 19 . Terminals 31 | . 31 . Fabricators . | . . . Repair Stations 2 | . 2 . Recycling Units 7 | . 7 . Scanalyzers . | . . . Garrison Access . | . . . Terminal Hacks 15 | . 14 1 Part Schematic 1 | . 1 . Robot Analysis 3 | . 3 . Prototype ID Bank 1 | . 1 . Open Door 1 | . . 1 Repair Station Index 1 | . 1 . Locate Traps 2 | . 2 . Disarm Traps 1 | . 1 . Dispatch Records 1 | . 1 . Hauler Manifests 1 | . 1 . Registered Components 1 | . 1 . Zone Layout 2 | . 2 . Fabricator Hacks . | . . . Repair Station Hacks 2 | . 2 . Scan Component 1 | . 1 . Repair 1 | . 1 . Recycling Unit Hacks 2 | . 2 . Retrieve Components 2 | . 2 . Scanalyzer . | . . . Garrison Access Hacks . | . . . Unauthorized Hacks 2 | . 2 . Terminals . | . . . Fabricators . | . . . Repair Stations . | . . . Recycling Units 2 | . 2 . Tunnel 2 | . 2 . Scanalyzers . | . . . Garrison Access . | . . . Data Cores Recovered . | . . . Used . | . . . Hacking Detections 10 | . 10 . Full Trace Events 1 | . 1 . Feedback Events . | . . . Feedback Blocked . | . . . Robot Schematics Acquired . | . . . Robots Built . | . . . Authchips . | . . . Time . | . . . Total Robot Build Rating . | . . . Part Schematics Acquired 1 | . 1 . Parts Built . | . . . Authchips . | . . . Time . | . . . Total Part Build Rating . | . . . Parts Repaired 1 | . 1 . Time 13 | . 13 . Parts Recycled . | . . . Recycled Matter . | . . . Retrieved Matter . | . . . Retrieved Components 18 | . 18 . Parts Scanalyzed . | . . . Part Schematics Acquired . | . . . Parts Damaged . | . . . Bothacking | -11 -10 -10 ------------ Run | Scr Mat Min Used RIF Installer . | . . . Robots Hacked . | . . . Non-combat . | . . . Combat . | . . . Robot Hacks Applied . | . . . Relay Couplers Released . | . . . Fabnet Peak Effective % . | . . . Robots Rewired . | . . . Allies Hacked . | . . . Hacks Repelled . | . . . Allies | -11 -10 -10 -------- Run | Scr Mat Min Total Allies . | . . . Largest Group . | . . . Highest-Rated Group . | . . . Highest-Rated Ally . | . . . Total Orders . | . . . Ally Attacks . | . . . Total Damage . | . . . Kills . | . . . Allies Corrupted . | . . . Allies Melted . | . . . Intel | -11 -10 -10 ------- Run | Scr Mat Min Robot Analysis Total 3 | . 3 . Derelict Logs Recovered 2 | . . 2 Drone Launches . | . . . Drone Recoveries . | . . . Exploration | -11 -10 -10 ------------- Run | Scr Mat Min Turns Passed 2371 | 16 1293 1062 Spaces Moved 1098 | 9 647 442 Core . | . . . Treads 1073 | 9 647 417 Legs 25 | . . 25 Wheels . | . . . Hover . | . . . Flight . | . . . Fastest Speed 160 | 160 160 160 Average Speed 161 | 160 160 164 Slowest Speed 240 | 160 160 240 Overloaded Moves . | . . . Propulsion Burnouts . | . . . Robots Hopped . | . . . Cave-ins Triggered . | . . . Exploration Rate (%) 50 | 2 92 58 Regions Visited 2 Branch Regions 1 Pre-discovered Areas 3 | . 2 1 Known Exits Taken . | . . . Unknown Exits Taken 2 | 1 1 . Scrap Searched . | . . . Spaces Dug . | . . . Terrain Destroyed 9 | . . 9 Melee . | . . . Projectile 1 | . . 1 AOE 8 | . . 8 Terrain Rammed . | . . . Walls Destroyed . | . . . Machines Disabled . | . . . Actions | -11 -10 -10 --------- Run | Scr Mat Min Total 1555 | 10 812 733 Wait 321 | . 81 240 Move 1096 | 8 646 442 Hop . | . . . Pick Up 23 | . 16 7 Fast Attach 5 | . 2 3 Attach 3 | . 1 2 Detach 1 | . . 1 Swap 8 | 2 3 3 Drop 15 | . 7 8 Fire 74 | . 50 24 Melee . | . . . Ram . | . . . Kick . | . . . Crush 9 | . 6 3 Escape Stasis . | . . . Rewire . | . . . Trap . | . . . Miscellaneous . | . . . Route ------- -11/Scrapyard -10/Materials (discovered 4 exits: [*Mat x3] / *Min) -10/Mines (discovered 2 exits: [*Mat x2]) History --------- Turn | Location | Event 4 | -11/Scrapyard | Discovered new exit (range 2) 17 | -11/Scrapyard | Entered Materials 307 | -10/Materials | Build established: Mutant 439 | -10/Materials | Discovered new exit (range 3) 533 | -10/Materials | Repaired Lgt. Treads 914 | -10/Materials | Discovered new exit (range 16) 1179 | -10/Materials | Discovered new exit (range 16) 1282 | -10/Materials | Discovered new exit (range 12) 1310 | -10/Materials | Entered Mines 1344 | -10/Mines | Learned Materials stockpile data 1464 | -10/Mines | Discovered new exit (range 10) 1478 | -10/Mines | Met a Derelict shopkeep closing up shop 1593 | -10/Mines | Discovered new exit (range 6) 1772 | -10/Mines | Received a Rocket Launcher from a helpful Derelict 1786 | -10/Mines | Assembled infested the area 1791 | -10/Mines | Assisted by a Guerilla fighting off Assembled 2264 | -10/Mines | Core integrity fell below 50% 2270 | -10/Mines | Core integrity fell below 20% 2304 | -10/Mines | Lost 4 parts (1p1n2w) 2372 | -10/Mines | Destroyed by as-53486 with Assembled Blade Last Messages --------------- 02270_ The unstable cave ceiling collapses. 02270_ D-53 Grenadier destroyed. 02271_ The unstable cave ceiling collapses. 02271_ Beam Cannon destroyed. 02274_ The unstable cave ceiling collapses. 02274_ Destroyed Shock Absorption System. 02275_ The unstable cave ceiling collapses. 02276_ Matter Pump disabled. 02278_ D-53 Grenadier destroyed. 02283_ The unstable cave ceiling collapses. 02292_ Acquired 10 matter. 02294_ The unstable cave ceiling collapses. 02302_ Acquired Aluminum Leg. 02304_ Acquired 3 matter. 02306_ Acquired 7 matter. 02319_ Acquired Aluminum Leg. 02320_ Dropped Lgt. Treads. 02322_ Acquired 10 matter. 02357_ Acquired Beam Cannon. 02362_ Acquired 10 matter. Map ----- +----------------------------------------------------+ | ?????????????????????????????????????????????????? | | ####?????????????????????????????????????????????? | | # ##????????????????????########????????????????? | | ##?????????????####### ######?????####### | | #?????????????# #?????# | | ##??????####??# < #### #?????# % | | ######## ##?# #### #??#%#?????# #### | | ## ### #??# #??#%#?????# #??# | | #??########??# #?????# #??# | | %% #????????????# #?????# #??# | | ## < = #######????????????# #?????# #??# | | # ### ##???????????????####%#######=!##?# | | ## #?# #????????????????#!% =%|%% %%= ### | | ## #?# =| ##????????????????#%##########% | | ## #?## ! ###?????????????????#!#????????#* ## | | ## #??## % #??????????????????##%##??????## | | ## ###?##! #?????????????????##!*=##????## | | #### #????????????????##!%* #????# | | """ #??????????####### #???# ## | | % #??????????# % ##???# # # | | #??????????# ##### ##????## ## ### | | % = #??????????# #???##|% ##?????###?# # | | ####" |##??????????# #???## ! #####?????## | | ???#"" %"#??????????#*#???#* ##?????## | | ???##" * ##?????????##%#####=! ##?????# | | ????## =#######???##!!@!! %*""" #?????# | | ?????# #???#!=]a=%!=!%%* #????? | | ?????# #??##==%;####=="" #????? | | ?????# ##### #?##!%!*#####% ##???? | | ?????## ##???#!###=!*!%*#??# # ##????? | | ??????## ##????#%##|%%!== #??# ## ####?????? | | ???????# #?????#*##%%=!!* #??# #?###???????? | | ???????# ####??# % !!% ##??# #????????????## | | ???????# % #??####% #???# #?????????????## | | ???????####%#????## #???# #??????????????? ? | | ??????????# #????# ##???# #????????????????? | | ??????????# #???# % ##????# #????????????????? | | ??????????# #???# * #?????? #????????????????? | | ?#######??# #???# #?????? #????????????????? | | ?# #??# #???## #?????? #????????????????? | | ?# #??# #????## ?????? #????????????????? | | ## """ #### #####?# ##????? ?????????????????? | | """ #?## ##?????? ?????????????????? | | ## """ ######## #??## #??????? ?????????????????? | | ?# #???????????? #??????????????????????????? | | ?#######????????????# #??????????????????????????? | | ????????????????????? #??????????????????????????? | | ?????????????????????%!??????????????????????????? | | ?????????????????????*#??????????????????????????? | | ????????????????????? ???????????????????????????? | +----------------------------------------------------+ Best States ------------- Heat Dissipation 39 Energy Generation 14 Energy Capacity 250 Matter Stores 300 Matter Capacity 300 Sight Range 16 Terrain Scan Density 10 Evasion (%) 40 Recoil Reduction 2 Item Schematics ----------------- Hcp. Storage Unit | -10/Materials | Hacked Robot Schematics ------------------ None Fabricated ------------ Nothing Alien Tech Used ----------------- None Achievements -------------- None Challenges ------------ None Game ------ Seed SuperchargedThermicRifle Manual? 0 Play Time 00:10:18 Cumulative 1070.5 hours Start 2022.03.07 @ 00:55:50 End 2022.03.07 @ 01:05:58 Sessions 1 Manual Loads 0 Difficulty Rogue Special Mode None Game No. 752 Rogue 748 Adventurer 4 Explorer 0 Win Type - Total 116 Types 88/9/8/5/2/0/0/2/2 Lore% 94 Gallery% 97 Achievement% 96 Wizard Run 0 Options --------- ASCII 0 Keyboard 1 Movement Vi Keybinds 0 Fullscreen 0 Font 16/Terminus Map View 76x50 Tactical HUD 1 Map Filters NONE Filters NONE Steam 1 RUN: 5aeaa424-913f-4b0f-91b9-510d7945ee7a